 Dungeon Sprint DCSS version 0.22.1-2-g9c5b331 (webtiles) character file.

2129 diana the Cleaver (level 9, -11/92 HPs)
             Began as a Minotaur Monk on Dec 14, 2018.
             Was the Champion of Makhleb.
             Mangled by a minotaur (15 damage)
             ... in the Dungeon (Sprint VII: "The Pits").
             The game lasted 00:03:50 (753 turns).

diana the Cleaver (Minotaur Monk)                    Turns: 753, Time: 00:03:51

Health: -11/92     AC: 11    Str: 18    XL:     9   Next: 8%
Magic:  17/17      EV: 15    Int:  7    God:    Makhleb [******]
Gold:   0          SH:  0    Dex: 17    Spells: 8/8 levels left

rFire    . . .     SeeInvis .   v - +2 war axe (freeze)
rCold    . . .     Gourm    .   (no shield)
rNeg     . . .     Faith    .   z - +5 ring mail
rPois    .         Spirit   .   (helmet restricted)
rElec    .         Reflect  .   y - +0 cloak
rCorr    .         Harm     .   (no gloves)
MR       .....     NoTele   +   (no boots)
Stlth    +.........             (no amulet)
HPRegen  0.25/turn              j - +3 ring of evasion
MPRegen  0.15/turn              r - +3 ring of dexterity

@: no status effects
A: retaliatory headbutt, horns 2
a: Minor Destruction, Lesser Servant of Makhleb, Major Destruction, Greater
Servant of Makhleb, Renounce Religion


You were in the Dungeon.
You worshipped Makhleb.
Makhleb was exalted by your worship.
You were not hungry.

You visited 1 branch

Inventory:

Hand Weapons
 v - a +2 war axe of freezing (weapon)
 w - a +2 dire flail of crushing
Armour
 a - a +3 ring mail
 b - a +0 robe
 x - a +4 chain mail
 y - a +0 cloak (worn)
 z - a +5 ring mail (worn)
Jewellery
 j - a +3 ring of evasion (left hand)
 r - a +3 ring of dexterity (right hand)
Scrolls
 i - a scroll of blinking
 m - 3 scrolls of remove curse
 n - 5 scrolls of amnesia
 o - a scroll of summoning
Potions
 d - 7 potions of curing
 e - 9 potions of heal wounds
 f - 2 potions of haste
 g - 4 potions of magic
 h - 3 potions of berserk rage
 l - 2 potions of invisibility
 s - a potion of might
 t - a potion of brilliance
 u - a potion of agility
Comestibles
 c - 9 rations


   Skills:
 + Level 12.8 Fighting
 - Level 14.8 Axes
 - Level 3.2 Dodging
 - Level 1.5 Stealth
 - Level 12.1 Invocations


You had 8 spell levels left.
You didn't know any spells.
Your spell library was empty.

Dungeon Overview and Level Annotations

Branches:
Dungeon (1/1)

Altars:
Ashenzari
Cheibriados
Dithmenos
Elyvilon
Fedhas
Gozag
Hepliaklqana
Kikubaaqudgha
Makhleb
Nemelex Xobeh
Okawaru
Qazlal
Ru
Sif Muna
Trog
Uskayaw
Vehumet
Wu Jian
Xom
Yredelemnul
Zin
The Shining One
Beogh
Jiyva
Lugonu


Innate Abilities, Weirdness & Mutations

You reflexively headbutt those who attack you in melee.
You have a pair of horns on your head.


Message History

You completely miss the minotaur.
The minotaur is almost dead.
You hit the small abomination but do no damage.
The minotaur closely misses you. You furiously retaliate!
You headbutt the minotaur, but do no damage.
The minotaur gores you but does no damage.
The small abomination misses you.
You barely miss the minotaur.
You headbutt the minotaur, but do no damage.
The minotaur is almost dead.
You hit the small abomination. You freeze the small abomination.
The minotaur hits you.
* * * LOW HITPOINT WARNING * * *
The minotaur gores you.
* * * LOW HITPOINT WARNING * * *
The small abomination hits you but does no damage.
You feel much better. The minotaur hits you!!
* * * LOW HITPOINT WARNING * * *
The minotaur gores you!
You die...

#..# #..# #..#
####### #..#
..##..# #..#
..##..# #..#
..''..# #xH#
..''..##########@.#
..##..............#
..##..............#
###################


You could see a minotaur and a small abomination.

Vanquished Creatures
  An unseen horror (D)
  2 deep elf magi (D)
  A tarantella (D)
  Menkaure (D)
  A porcupine (D)
  A sky beast (D)
  An ice beast (D)
  A necrophage (D)
  A crocodile (D)
  A bullfrog (D)
  A quasit (D)
  A river rat (D)
  2 oozes (D)
  An orc (D)
  A ball python (D)
  2 giant cockroaches (D)
  3 goblins (D)
  A hobgoblin (D)
  2 quokkas (D)
  A jackal skeleton (D)
  A kobold (D)
27 creatures vanquished.

Notes
Turn   | Place    | Note
-------+----------+-------------------------------------------
     0 | D        | diana the Minotaur Monk began the quest for the Orb.
     0 | D        | Reached XP level 1. HP: 19/19 MP: 0/0
    18 | D        | Reached skill level 6 in Axes
    18 | D        | Reached XP level 2. HP: 8/26 MP: 1/1
   127 | D        | Found a glowing golden altar of the Shining One.
   127 | D        | Found a glowing silver altar of Zin.
   127 | D        | Found a basalt altar of Yredelemnul.
   127 | D        | Found a shimmering altar of Xom.
   127 | D        | Found an ornate altar of the Wu Jian Council.
   127 | D        | Found a bloodstained altar of Trog.
   127 | D        | Found a deep blue altar of Sif Muna.
   127 | D        | Found a sacrificial altar of Ru.
   127 | D        | Found a stormy altar of Qazlal.
   127 | D        | Found an iron altar of Okawaru.
   127 | D        | Found a sparkling altar of Nemelex Xobeh.
   127 | D        | Found a burning altar of Makhleb.
   127 | D        | Found a viscous altar of Jiyva.
   127 | D        | Found a hazy altar of Hepliaklqana.
   127 | D        | Found an opulent altar of Gozag.
   127 | D        | Found a blossoming altar of Fedhas.
   127 | D        | Found a white marble altar of Elyvilon.
   127 | D        | Found a shadowy altar of Dithmenos.
   127 | D        | Found a snail-covered altar of Cheibriados.
   128 | D        | Found a radiant altar of Vehumet.
   128 | D        | Found a corrupted altar of Lugonu.
   128 | D        | Found a roughly hewn altar of Beogh.
   129 | D        | Found an ancient bone altar of Kikubaaqudgha.
   129 | D        | Found a hide-covered altar of Uskayaw.
   129 | D        | Found a shattered altar of Ashenzari.
   137 | D        | Became a worshipper of Makhleb the Destroyer
   137 | D        | Reached * piety under Makhleb
   137 | D        | Reached ** piety under Makhleb
   264 | D        | Reached *** piety under Makhleb
   264 | D        | Reached skill level 7 in Axes
   342 | D        | Noticed Menkaure
   342 | D        | Noticed a bullfrog
   347 | D        | Killed a bullfrog
   347 | D        | Reached **** piety under Makhleb
   347 | D        | Reached skill level 10 in Axes
   347 | D        | Reached XP level 3. HP: 31/31 MP: 2/2
   347 | D        | Reached XP level 4. HP: 39/39 MP: 3/3
   348 | D        | Killed Menkaure
   348 | D        | Reached skill level 13 in Axes
   348 | D        | Reached XP level 5. HP: 45/45 MP: 4/4
   349 | D        | Reached ***** piety under Makhleb
   422 | D        | Noticed a sky beast
   422 | D        | Noticed a necrophage
   422 | D        | Noticed a deep elf mage
   431 | D        | Killed a deep elf mage
   431 | D        | Reached skill level 10 in Invocations
   431 | D        | Reached XP level 6. HP: 51/51 MP: 7/13
   431 | D        | Reached XP level 7. HP: 57/57 MP: 7/14
   495 | D        | Noticed a deep elf mage
   502 | D        | Killed a deep elf mage
   502 | D        | Reached ****** piety under Makhleb
   502 | D        | Reached skill level 14 in Axes
   502 | D        | Reached XP level 8. HP: 54/73 MP: 16/16
   724 | D        | Killed an unseen horror
   724 | D        | Reached XP level 9. HP: 89/91 MP: 17/17
   737 | D        | Noticed a minotaur
   753 | D        | HP: 4/92 [minotaur (26)]
   753 | D        | Mangled by a minotaur

Skill      XL: |  1  2  3  4  5  6  7  8 |
---------------+-------------------------+-----
Axes           | 6 10 13 14 | 14.8
Invocations    | 10 12 | 12.1
Fighting       | 7 12 | 12.8
Dodging        | |  3.2
Stealth        | |  1.5

Action                   |  1- 3 |  4- 6 |  7- 9 || total
-------------------------+-------+-------+-------++-------
Melee: Hand axe          |    22 |    26 |    18 ||    66
       Headbutt          |       |     4 |     9 ||    13
       War axe           |       |       |    20 ||    20
Invok: Major Destruction |       |       |     1 ||     1
  Use: Potion            |     1 |       |     1 ||     2
 Stab: Sleeping          |     1 |       |       ||     1
Armor: Ring mail         |     3 |    14 |    16 ||    33
       Robe              |     3 |       |       ||     3
Dodge: Dodged            |    16 |    12 |    21 ||    49
